[Event "BAN-chT Golden Jubilee 2021-22"]
[Site "Dhaka"]
[Date "2022.03.20"]
[Round "11.4"]
[White "Hossain, Enamul"]
[Black "Ahmed, Shafiq"]
[Result "1-0"]
[ECO "C00"]
[WhiteElo "2410"]
[BlackElo "2106"]
[Annotator "RC"]
[PlyCount "67"]
[EventDate "2022.03.10"]
[EventType "team-tourn"]
[EventCountry "BAN"]
[SourceTitle "playchess.com"]
[Source "ChessBase"]
[SourceQuality "1"]
[TimeControl "40/5400+30:1800+30"]

1. e4 e6 2. d3 d5 3. Qe2 Be7 4. Nf3 Nf6 5. g3 O-O 6. Bg2 c5 7. O-O Nc6 8. e5 Nd7 9. c4 Nb6 10. Bf4 Kh8 11. h4 f6 12. Na3 d4 13. Nb5 f5 14. b3 Bd7 15. Rfe1 Be8 16. Ng5 Qd7 17. a4 h6 18. Nxe6 Qxe6 19. a5 Bd8 20. axb6 Bxb6 21. Bd5 Qg6 22. e6 Rf6 23. Nd6 Ne7 24. Bxb7 Rd8 25. Bf3 Rxd6 26. Bxd6 Nc6 27. h5 Qh7 28. Bxc6 Bxc6 29. Be7 f4 30. Bxf6 gxf6 31. e7 Be8 32. Qe6 Qg7 33. Qc8 Qg8 34. b4 1-0

[Event "BAN-chT Golden Jubilee 2021-22"]
[Site "Dhaka"]
[Date "2022.03.20"]
[Round "11.5"]
[White "Abu Sufian, Shakil"]
[Black "Mehdi Hasan Parag"]
[Result "1/2-1/2"]
[ECO "C88"]
[WhiteElo "2232"]
[BlackElo "2258"]
[Annotator "ChessBase"]
[PlyCount "140"]
[EventDate "2022.03.10"]
[EventType "team-tourn"]
[EventCountry "BAN"]
[SourceTitle "playchess.com"]
[Source "ChessBase"]
[SourceQuality "1"]
[TimeControl "40/5400+30:1800+30"]

1. e4 e5 2. Nf3 Nc6 3. Bb5 a6 4. Ba4 Nf6 5. O-O Be7 6. d3 b5 7. Bb3 d6 8. a4 Bb7 9. c3 O-O 10. Nbd2 Na5 11. Ba2 c5 12. Re1 Nc6 13. Nf1 h6 14. Ng3 Rb8 15. axb5 axb5 16. Nf5 Bc8 17. Nxe7+ Qxe7 18. h3 Be6 19. Bb1 Ra8 20. Rxa8 Rxa8 21. d4 Ra1 22. Bd3 cxd4 23. Bxb5 dxc3 24. bxc3 Na5 25. Qc2 Qc7 26. Bd2 Ra2 27. Qb1 Nb7 28. c4 Ra8 29. Be3 Nc5 30. Nd2 Qc8 31. f3 Nh5 32. Nb3 Bxh3 33. Nxc5 dxc5 34. Qb2 Nf4 35. Bxf4 exf4 36. gxh3 Qxh3 37. Qg2 Qh4 38. Rd1 Qf6 39. Kf1 Ra3 40. Qg4 g5 41. Be8 Kg7 42. Bxf7 Ra1 43. Rxa1 Qxa1+ 44. Kg2 Qb2+ 45. Kh3 Kxf7 46. Qd7+ Kg6 47. Qf5+ Kg7 48. e5 Qb7 49. Qf6+ Kg8 50. Kg4 Qg7 51. Qd8+ Qf8 52. Qd5+ Kg7 53. Qd7+ Kg6 54. Qc6+ Kg7 55. Qd5 Qf7 56. e6 h5+ 57. Kh3 Qe7 58. Qe5+ Kg6 59. Kg2 Kh7 60. Kf2 Kg6 61. Kg2 g4 62. Qe4+ Kg5 63. Qe5+ Kg6 64. Qe4+ Kf6 65. fxg4 hxg4 66. Qxf4+ Kxe6 67. Qxg4+ Kd6 68. Kf3 Qe5 69. Qf4 Ke6 70. Qxe5+ Kxe5 1/2-1/2

[Event "BAN-chT Golden Jubilee 2021-22"]
[Site "Dhaka"]
[Date "2022.03.20"]
[Round "11.9"]
[White "Chowdhury, Sohel"]
[Black "Shawket Bin, Osman Shaon"]
[Result "1/2-1/2"]
[ECO "C78"]
[WhiteElo "2046"]
[BlackElo "2065"]
[Annotator "ChessBase"]
[PlyCount "149"]
[EventDate "2022.03.10"]
[EventType "team-tourn"]
[EventCountry "BAN"]
[SourceTitle "playchess.com"]
[Source "ChessBase"]
[SourceQuality "1"]
[TimeControl "40/5400+30:1800+30"]

1. e4 e5 2. Nf3 Nc6 3. Bb5 a6 4. Ba4 Nf6 5. O-O b5 6. Bb3 Bc5 7. c3 d6 8. d4 Bb6 9. dxe5 Nxe5 10. Nxe5 dxe5 11. Qxd8+ Kxd8 12. Bg5 Bb7 13. Nd2 Ke7 14. Nf3 h6 15. Bh4 g5 16. Bg3 Nxe4 17. Bxe5 f6 18. Bd4 c5 19. Be3 Rhd8 20. Rfe1 f5 21. Bc2 Kf6 22. Bxe4 Bxe4 23. Nd2 Bd5 24. b4 Rac8 25. Nb3 Bxb3 26. axb3 f4 27. Rxa6 fxe3 28. Rxb6+ Kg7 29. bxc5 Rxc5 30. fxe3 Rxc3 31. b4 Rd2 32. Ra1 Rc7 33. h3 Rb2 34. Raa6 Rxb4 35. Rxh6 g4 36. Rag6+ Kf7 37. Rxg4 Rxg4 38. hxg4 Rc3 39. Kf2 b4 40. Rb6 Rc2+ 41. Kf3 Rb2 42. g5 b3 43. g3 Rb1 44. Kg4 b2 45. g6+ Kg7 46. Kg5 Rg1 47. Rb7+ Kg8 48. Rxb2 Rxg3+ 49. Kf4 Rxg6 50. Ke5 Kf8 51. e4 Ke8 52. Kf5 Ra6 53. Rb7 Rc6 54. Ra7 Rb6 55. Ra5 Rh6 56. e5 Rb6 57. Ra7 Rc6 58. Ke4 Rb6 59. Kd5 Rh6 60. Rc7 Rg6 61. Rc8+ Ke7 62. Rh8 Ra6 63. Rb8 Rh6 64. Rb4 Ra6 65. Rb7+ Ke8 66. Ke4 Rc6 67. Kf5 Ra6 68. Rb3 Rc6 69. Rd3 Ra6 70. Rd6 Rxd6 71. exd6 Kd7 72. Ke5 Kd8 73. Ke6 Ke8 74. d7+ Kd8 75. Kd6 1/2-1/2

[Event "BAN-chT Golden Jubilee 2021-22"]
[Site "Dhaka"]
[Date "2022.03.20"]
[Round "11.12"]
[White "Chatterjee, Debaraj"]
[Black "Masum, Hossain"]
[Result "1-0"]
[ECO "D30"]
[WhiteElo "2196"]
[BlackElo "2003"]
[Annotator "ChessBase"]
[PlyCount "61"]
[EventDate "2022.03.10"]
[EventType "team-tourn"]
[EventCountry "BAN"]
[SourceTitle "playchess.com"]
[Source "ChessBase"]
[SourceQuality "1"]
[TimeControl "40/5400+30:1800+30"]

1. d4 d5 2. c4 c6 3. Nf3 Nf6 4. e3 e6 5. Nbd2 Nbd7 6. Bd3 dxc4 7. Nxc4 a6 8. a4 b5 9. axb5 cxb5 10. Na5 Qb6 11. O-O Be7 12. Bd2 O-O 13. e4 Bb7 14. Qe2 Rac8 15. Nxb7 Qxb7 16. h4 Rfd8 17. g3 Nb8 18. e5 Nd5 19. Qe4 g6 20. h5 Nc6 21. hxg6 hxg6 22. Qg4 Kg7 23. Be4 Qb6 24. Kg2 b4 25. Rh1 Rh8 26. Bg5 Bxg5 27. Qxg5 Nce7 28. Rac1 Rxc1 29. Rxh8 Kxh8 30. Qh6+ Kg8 31. Ng5 1-0

[Event "BAN-chT Golden Jubilee 2021-22"]
[Site "Dhaka"]
[Date "2022.03.20"]
[Round "11.15"]
[White "Harshad S"]
[Black "Himanshu, Sharma"]
[Result "1-0"]
[ECO "B62"]
[WhiteElo "2328"]
[BlackElo "2391"]
[Annotator "ChessBase"]
[PlyCount "103"]
[EventDate "2022.03.10"]
[EventType "team-tourn"]
[EventCountry "BAN"]
[SourceTitle "playchess.com"]
[Source "ChessBase"]
[SourceQuality "1"]
[TimeControl "40/5400+30:1800+30"]

1. e4 c5 2. Nf3 Nc6 3. d4 cxd4 4. Nxd4 Nf6 5. Nc3 d6 6. Bg5 e6 7. Bb5 Bd7 8. Qd3 h6 9. Bh4 Ne5 10. Qh3 Bxb5 11. Ndxb5 a6 12. Nd4 Be7 13. f4 Nc6 14. O-O-O O-O 15. Kb1 Ne8 16. Bf2 Nxd4 17. Bxd4 b5 18. g4 b4 19. Na4 e5 20. fxe5 dxe5 21. Bc5 Qc7 22. Bxe7 Qxe7 23. Nb6 Rb8 24. Nd7 Nd6 25. Nxf8 Nxe4 26. Qd3 Qb7 27. Nd7 Nc3+ 28. Ka1 Nxd1 29. Qxd1 Re8 30. Nc5 Qc6 31. Nb3 g6 32. Kb1 e4 33. Re1 e3 34. Qe2 Kg7 35. Na5 Qc7 36. Nc4 Re4 37. b3 a5 38. h3 Qg3 39. Nxe3 Qxh3 40. Qf2 h5 41. gxh5 Qxh5 42. Rf1 f5 43. Nxf5+ gxf5 44. Qxf5 Qxf5 45. Rxf5 a4 46. bxa4 Re3 47. Rf4 Ra3 48. Rxb4 Kf6 49. Kb2 Re3 50. Rd4 Ke5 51. Rd8 Rh3 52. c3 1-0

[Event "BAN-chT Golden Jubilee 2021-22"]
[Site "Dhaka"]
[Date "2022.03.20"]
[Round "11.24"]
[White "Sultana, Sharmin Shirin"]
[Black "Subrota, Biswas"]
[Result "0-1"]
[ECO "D04"]
[WhiteElo "1998"]
[BlackElo "2202"]
[Annotator "ChessBase"]
[PlyCount "88"]
[EventDate "2022.03.10"]
[EventType "team-tourn"]
[EventCountry "BAN"]
[SourceTitle "playchess.com"]
[Source "ChessBase"]
[SourceQuality "1"]
[TimeControl "40/5400+30:1800+30"]

1. d4 Nf6 2. Nf3 c5 3. e3 d5 4. b3 cxd4 5. exd4 Nc6 6. Bd3 Bg4 7. Bb2 e6 8. O-O Bd6 9. Nbd2 O-O 10. Re1 Nb4 11. Nf1 Rc8 12. c3 Nxd3 13. Qxd3 Qa5 14. Ne5 Bf5 15. Qf3 Ne4 16. Rec1 f6 17. Nd7 Rf7 18. b4 Qd8 19. Nc5 Ng5 20. Qe2 b6 21. Nb3 Rfc7 22. Nbd2 Qe8 23. Ne3 Bg6 24. Re1 Re7 25. a4 h5 26. b5 h4 27. h3 Bh5 28. Qd3 Qf8 29. a5 f5 30. Ba3 Bxa3 31. Rxa3 Rec7 32. Rea1 bxa5 33. c4 f4 34. Nef1 dxc4 35. Qc2 c3 36. Nb3 f3 37. Qc1 Qf6 38. Qe3 Qg6 39. Kh2 fxg2 40. Ng3 hxg3+ 41. Qxg3 c2 42. Nc5 e5 43. Rxa5 exd4 44. Ra6 Nf3+ 0-1